 Dungeon Crawl Stone Soup version 0.24-b1 (webtiles) character file.

Game seed: 15107807069984207621, levelgen mode: deterministic

1388 Arixos the Charmwright (level 8, -1/60 HPs)
             Began as a Vine Stalker Skald on Oct 13, 2019.
             Was an Initiate of Ru.
             Slain by a hell rat (8 damage)
             ... on level 5 of the Dungeon.
             The game lasted 00:32:50 (5594 turns).

Arixos the Charmwright (Vine Stalker Skald)         Turns: 5594, Time: 00:32:51

Health: -1/60      AC: 24    Str: 13    XL:     8   Next: 68%
Magic:  0/15       EV:  2    Int: 13    God:    Ru [......]
Gold:   341        SH:  0    Dex: 17    Spells: 7/15 levels left

rFire    . . .     SeeInvis .   a - +1 falchion
rCold    + + .     Gourm    .   (no shield)
rNeg     + + +     Faith    .   (armour currently unavailable)
rPois    +         Spirit   +   (helmet currently unavailable)
rElec    .         Reflect  .   (cloak currently unavailable)
rCorr    .         Harm     .   (gloves currently unavailable)
MR       +....     NoTele   +   (boots currently unavailable)
Stlth    ++........             p - amulet of regeneration
HPRegen  1.00/turn              o - ring of protection from cold
MPRegen  0.14/turn              l - ring of protection from cold

@: tree-form, heavily drained
A: regeneration 1, magic shield, no potion heal 3, rot immunity
a: Renounce Religion


You were on level 5 of the Dungeon.
You worshipped Ru.
Ru was noncommittal.
You were not hungry.
You were a tree.
You visited 2 branches of the dungeon, and saw 6 of its levels.
You also visited: Sewer.

You collected 341 gold pieces.

Inventory:

Hand Weapons
 a - a +1 falchion (weapon)
Armour
 b - a +0 leather armour (melded)
 f - a +0 pair of gloves (melded)
Jewellery
 l - a ring of protection from cold (right branch)
 o - a ring of protection from cold (left branch)
 p - an amulet of regeneration (around neck)
 t - an uncursed amulet of faith
Scrolls
 c - a scroll of magic mapping
 e - 2 scrolls of remove curse
 h - 3 scrolls of fog {unknown}
 i - 4 scrolls of identify
 k - 2 scrolls of teleportation
 m - a scroll of random uselessness {unknown}
 n - a scroll of enchant weapon
 s - a scroll of enchant armour {unknown}
 v - a scroll of silence {unknown}
Potions
 g - a potion of curing
 j - 2 potions of flight
 q - a potion of haste {unknown}
 r - a potion of lignification
Comestibles
 d - 5 rations
 u - a chunk of flesh


   Skills:
 + Level 3.5(1.7) Fighting
 + Level 3.6(1.7) Long Blades
 + Level 2.9(1.1) Armour
 + Level 3.3(1.5) Dodging
 + Level 4.2(2.3) Stealth
 + Level 4.0(2.1) Spellcasting
 + Level 4.5(2.6) Charms
 + Level 2.5(0.7) Necromancy
 + Level 3.0(1.2) Translocations


You had 7 spell levels left.
You knew the following spells:

 Your Spells              Type           Power        Failure   Level  Hunger
a - Song of Slaying       Chrm           #.......     13%         2    ###....
c - Infusion              Chrm           #...         9%          1    ##.....
r - Regeneration          Chrm/Necr      #.........   36%         3    ####...
s - Shroud of Golubria    Chrm/Tloc      #.....       17%         2    ###....

Your spell library contained the following spells:

 Spells                   Type           Power        Failure   Level  Hunger
 Animate Skeleton         Necr           N/A          19%         1    ##.....
 Pain                     Necr           #...         19%         1    ##.....
 Spectral Weapon          Hex/Chrm       #.......     41%         3    ####...
 Vampiric Draining        Necr           #.........   50%         3    ####...
 Animate Dead             Necr           N/A          88%         4    #####..


Dungeon Overview and Level Annotations

Branches:
Dungeon (5/15)             Temple (1/1) D:5           Sewer (visited)

Altars:
Ashenzari
Cheibriados
Elyvilon
Fedhas
Gozag
Kikubaaqudgha
Makhleb
Nemelex Xobeh
Okawaru
Ru
Sif Muna
Trog
Uskayaw
Vehumet
Yredelemnul

Shops:
D:4 (}(}   D:5 (

Annotations:
D:4 exclusion: oklob plant


Innate Abilities, Weirdness & Mutations

((You have razor-sharp teeth.))
Your natural rate of healing is unusually fast.
When hurt, damage is shared between your health and your magic reserves.
((Your bite disrupts and absorbs the magic of your enemies.))
Potions cannot restore your health.
You are immune to rotting.


Message History

You closely miss the hell rat.
The hell rat is moderately wounded.
The hell rat bites you! The hell rat bites you!
* * * LOW HITPOINT WARNING * * *
Some of the chunks of flesh in your inventory have rotted away.
You see here a hell rat corpse.
The hell rat bites you.
* * * LOW HITPOINT WARNING * * *
You feel drained.
* * * LOW HITPOINT WARNING * * *
It was a potion of lignification.
You turn into a tree.
Your +0 pair of gloves melds into your body.
Your +0 leather armour melds into your body.
Your roots penetrate the ground.
The hell rat bites you but does no damage.
You barely miss the hell rat.
The hell rat is moderately wounded.
The hell rat bites you!
You die...

.'...#..).........'.......)......
.[...#.##########.#....##########
.##.##.##########.###########.##
..#...............# ####†##.#.##
.⌠#............#### #...#.#.##.#
##.............# ###†.###.###.#
...............# #..###.#####.#
..###'#)###....#####.## .#.#.###.
.## ###.##+....'♣r...###.....##.#
.# #...##....#####.##..#....##÷
#### #.⌠.##....#####.##.#r.# #.
...# #...#####....##.##r.# ##.
##.####.###..'....'..##..# #.#
##..#⌠...⌠####....#####..# ##.
.#..#.....# #....# #÷## #.#
.#.<#..>..# #....# #r## ##.#
....#.....# #....# ##r# ##r##


You could see a hell rat.

Vanquished Creatures
  Grinder (D:4)
  2 sky beasts (D:5)
  A phantom (D:4)
  3 ogres
  A big kobold (Sewer)
  A howler monkey (D:4)
  A hound (D:4)
  A bullfrog skeleton (D:5)
  An orc priest (D:5)
  2 orc wizards (D:5)
  Ijyb (D:3)
  2 iguanas
  A worker ant (D:4)
  2 hell rats (D:5)
  A worker ant zombie (D:5)
  4 gnolls (D:3)
  4 river rats
  7 adders
  2 dart slugs (D:1)
  A worm (D:3)
  4 leopard geckos
  7 orcs
  A ball python (D:3)
  10 bats
  3 giant cockroaches
  14 goblins
  5 hobgoblins
  9 jackals
  4 quokkas
  5 frilled lizards
  15 kobolds
  A leopard gecko skeleton (D:5)
  22 rats
139 creatures vanquished.

Vanquished Creatures (others)
  13 toadstools (D:4)
13 creatures vanquished.

Grand Total: 152 creatures vanquished

Notes
Turn   | Place    | Note
-------+----------+-------------------------------------------
     0 | D:1      | Arixos the Vine Stalker Skald began the quest for the Orb.
     0 | D:1      | Reached XP level 1. HP: 11/11 MP: 4/4
    44 | D:1      | Reached XP level 2. HP: 3/15 MP: 4/6
   399 | D:1      | Learned a level 2 spell: Shroud of Golubria
   528 | D:1      | Reached skill level 1 in Stealth
   533 | D:1      | Reached skill level 1 in Armour
   544 | D:1      | Reached XP level 3. HP: 15/18 MP: 7/7
   827 | D:2      | Found a hide-covered altar of Uskayaw.
  1515 | D:2      | Gained mutation: Your natural rate of healing is unusually
                  | fast. [Vine Stalker growth]
  1515 | D:2      | Reached XP level 4. HP: 18/23 MP: 2/8
  2036 | D:3      | Found a glowing drain.
  2045 | Sewer    | Entered a sewer
  2076 | Sewer    | Reached skill level 1 in Translocations
  2164 | Sewer    | Noticed a big kobold
  2303 | Sewer    | Killed a big kobold
  2303 | Sewer    | Reached XP level 5. HP: 17/26 MP: 1/10
  2420 | Sewer    | Found a white marble altar of Elyvilon.
  2518 | D:3      | Learned a level 2 spell: Song of Slaying
  2522 | D:3      | Learned a level 3 spell: Regeneration
  2544 | D:3      | Noticed Ijyb
  2557 | D:3      | Paralysed by Ijyb for 6 turns
  2565 | D:3      | Paralysed by Ijyb for 3 turns
  2573 | D:3      | Paralysed by Ijyb for 7 turns
  2589 | D:3      | Killed Ijyb
  2785 | D:3      | Reached XP level 6. HP: 32/32 MP: 8/11
  3102 | D:4      | Found Liallene's Antique Weapon Shoppe.
  3111 | D:4      | Noticed Grinder
  3311 | D:4      | Noticed a phantom
  3399 | D:4      | Found a blossoming altar of Fedhas.
  3409 | D:4      | Noticed an oklob plant
  3584 | D:4      | Killed a phantom
  3584 | D:4      | Reached skill level 1 in Necromancy
  3736 | D:4      | Found Ruonydur's Gadget Shop.
  3751 | D:4      | Reached XP level 7. HP: 35/35 MP: 12/12
  3784 | D:4      | Found Sopniy's Gadget Boutique.
  3906 | D:4      | Found Mahotof's Weapon Shoppe.
  4206 | D:4      | Killed Grinder
  4206 | D:4      | Gained mutation: You have razor-sharp teeth. [Vine Stalker
                  | growth]
  4206 | D:4      | Reached XP level 8. HP: 30/40 MP: 5/14
  4460 | D:5      | Entered Level 5 of the Dungeon
  4471 | D:5      | Found a staircase to the Ecumenical Temple.
  4487 | Temple   | Entered the Ecumenical Temple
  4611 | D:5      | Found a shattered altar of Ashenzari.
  4812 | D:5      | Found Voomamak's Weapon Shop.
  4879 | D:5      | Found a sacrificial altar of Ru.
  4978 | D:5      | Became a worshipper of Ru the Awakened
  5591 | D:5      | HP: 2/40 [hell rat (2)]
  5594 | D:5      | Slain by a hell rat

Skill      XL: |  1  2  3  4  5  6  7  8 |
---------------+-------------------------+-----
Long Blades    | 2 3 |  3.6
Stealth        | 1 2 3 4 |  4.2
Armour         | 1 2 |  2.9
Fighting       | 2 3 |  3.5
Dodging        | 2 3 |  3.3
Translocations | 1 2 3 |  3.0
Spellcasting   | 3 4 |  4.0
Necromancy     | 1 2 |  2.5
Charms         | 4 |  4.5

Action                   |  1- 3 |  4- 6 |  7- 9 || total
-------------------------+-------+-------+-------++-------
Melee: Falchion          |   109 |   232 |   170 ||   511
       Bite              |    31 |    70 |    61 ||   162
 Cast: Shroud of Golubri |     8 |    36 |    32 ||    76
       Regeneration      |       |       |     3 ||     3
  Use: Potion            |       |     5 |     1 ||     6
       Scroll            |       |     7 |       ||     7
 Stab: Sleeping          |     3 |     2 |     4 ||     9
  Eat: Chunk             |     2 |     5 |     8 ||    15
       Ration            |       |     2 |       ||     2
Armor: Leather armour    |    37 |    58 |    34 ||   129
       Skin              |       |       |     1 ||     1
Dodge: Dodged            |    87 |   185 |   100 ||   372
       Rpst.: Falchion   |    26 |    42 |    37 ||   105
